 Dungeon Crawl Stone Soup version 0.29-a0-1023-g6ae1a4a2c7 (webtiles) character file.

Game seed: 16469082456635441933

1663 2tc the Arsonist (level 8, -1/41 HPs)
             Began as a Deep Elf Fire Elementalist on Aug 11, 2022.
             Killed from afar by a gargoyle (24 damage)
             ... with a stone arrow
             ... on level 5 of the Dungeon.
             The game lasted 00:17:24 (5171 turns).

2tc the Arsonist (Deep Elf Fire Elementalist)       Turns: 5171, Time: 00:17:25

Health: -1/41      AC:  8    Str:  7    XL:     8   Next: 69%
Magic:  4/14       EV: 12    Int: 21    God:
Gold:   240        SH:  0    Dex: 15    Spells: 6/13 levels left

rFire   + . .      SeeInvis .   c - staff of fire
rCold   . . .      Faith    .   (no shield)
rNeg    . . .      Spirit   .   l - +2 leather armour of Serendipity {rPois Slay+2}
rPois   +          Reflect  .   q - +1 helmet
rElec   .          Harm     .   o - +0 cloak
rCorr   .          Rampage  .   (no gloves)
Will    .....                   (no boots)
Stlth   ++........              (no amulet)
HPRegen 0.13/turn               (no ring)
MPRegen 0.14/turn               (no ring)

@: no status effects
A: no striking features
a: no special abilities


You were on level 5 of the Dungeon.
You visited 1 branch of the dungeon, and saw 5 of its levels.

You collected 240 gold pieces.

Inventory:

Hand Weapons
 d - a +0 dagger
Armour
 a - a +0 robe
 j - a +0 leather armour of willpower
 l - the +2 leather armour of Serendipity (worn) {rPois Slay+2}
   (You found it on level 3 of the Dungeon)

   Slay:      It affects your accuracy & damage with ranged weapons and melee
   (+2).
   rPois:     It protects you from poison.
 n - the +2 leather armour "Roazai" {rC+ Str+2 SInv}
   (You found it on level 3 of the Dungeon)

   Str:       It affects your strength (+2).
   rC:        It protects you from cold.
   SInv:      It lets you see invisible.
 o - a +0 cloak (worn)
 q - a +1 helmet (worn)
Magical Staves
 c - a staff of fire (weapon)
Jewellery
 s - a ring of resist corrosion
Wands
 b - a wand of iceblast (10)
 h - a wand of flame (14)
Scrolls
 f - 4 scrolls of teleportation
 i - a scroll of vulnerability
 k - a scroll of magic mapping
 u - a scroll of enchant armour
Potions
 e - 3 potions of curing
 g - 2 potions of haste
 m - 2 potions of degeneration {unknown}
 p - a potion of heal wounds {unknown}
 r - a potion of berserk rage {unknown}
 t - a potion of magic


   Skills:
 - Level 3.0 Armour
 - Level 2.4 Dodging
 - Level 2.4 Stealth
 - Level 3.0 Spellcasting
 - Level 7.5 Conjurations
 + Level 9.1 Fire Magic


You had 6 spell levels left.
You knew the following spells:

 Your Spells              Type           Power      Damage    Failure   Level
a - Foxfire               Conj/Fire      100%       2x1d9     1%          1
b - Scorch                Fire           100%       2d10      1%          2
c - Flame Wave            Conj/Fire      55%        2d13      6%          4

Your spell library contained the following spells:

 Spells                   Type           Power      Damage    Failure   Level
 Conjure Flame            Conj/Fire      55%        6-21      1%          3
 Inner Flame              Hex/Fire       33%        N/A       9%          3
 Ensorcelled Hibernation  Hex/Ice        6%         N/A       28%         2
 Ozocubu's Armour         Ice            3%         N/A       50%         3
 Spider Form              Tmut/Pois      3%         N/A       50%         3
 Anguish                  Hex/Necr       1%         N/A       88%         4
 Metabolic Englaciation   Hex/Ice        1%         N/A       99%         5
 Simulacrum               Ice/Necr       1%         N/A       100%        6


Dungeon Overview and Level Annotations

Branches:
Dungeon (5/15)
 Temple: D:4-7

Altars:
Gozag
Qazlal
Uskayaw
Yredelemnul
Zin


Message History

The adder hisses angrily.
The foxfire hits the adder!
You kill the adder!
Your foxfire dissipates! x2
A gargoyle comes into view. It is wielding a +0 mace.
Press: ? - help, v - describe, . - travel
Here: a gargoyle, wielding a +0 mace (dormant)
The floor.
Unknown command.
Casting: Foxfire (safe; 1% risk of failure)
Confirm with . or Enter, or press ? or * to list all spells.
You feel a surge of power!
Flames lash the gargoyle.
The gargoyle is moderately damaged.
The gargoyle's fire resistance burns away.
Casting: Scorch (safe; 1% risk of failure)
Confirm with . or Enter, or press ? or * to list all spells.
You feel a surge of power!
Flames lash the gargoyle.
The gargoyle is moderately damaged.
The gargoyle hurls a stone arrow at you.
The stone arrow misses you.
Casting: Scorch (safe; 1% risk of failure)
Confirm with . or Enter, or press ? or * to list all spells.
You feel a surge of power!
Flames lash the gargoyle but do no damage.
The gargoyle hits you with a +0 mace!!
Casting: Scorch (safe; 1% risk of failure)
Confirm with . or Enter, or press ? or * to list all spells.
You feel a surge of power!
Flames lash the gargoyle but do no damage.
The gargoyle hurls a stone arrow at you.
The stone arrow misses you.
Casting: Scorch (safe; 1% risk of failure)
Confirm with . or Enter, or press ? or * to list all spells.
You feel a surge of power!
Flames lash the gargoyle.
The gargoyle is burned terribly!
The gargoyle is severely damaged.
The gargoyle hurls a stone arrow at you.
The stone arrow hits you!!
Ouch! That really hurt!
You die...

+..... #......# #.....
......# #..... .....#+##
######...#
#.......###..###...#
#.......+...........
#.......#...........
#.......#...........
#..@....#...........
#..#9#..#....##...##
#####.##.##......##...##
..##......###..#.#..#....#.
...........#..##.##.#....#.
.......#..###).###..#....'.
.......#.##.##..##..##...##
.......#..#†#..###..##...##
##+##+###......##.##..#.....


You could see a gargoyle (combustible).

Vanquished Creatures
  Pikel (D:4)
  Grinder (D:5)
  Edmund (D:5)
  Duvessa (D:4)
  A black bear (D:4)
  2 ogres
  3 lemures (D:4)
  A kobold brigand (D:4)
  A necrophage (D:5)
  A scorpion (D:4)
  Dowan (D:4)
  A jelly (D:5)
  A hound (D:5)
  4 iguanas
  An orc wizard (D:4)
  4 adders
  3 gnolls (D:1)
  2 worms
  8 orcs
  8 ball pythons
  6 bats
  6 endoplasms
  3 giant cockroaches
  8 goblins
  7 hobgoblins
  7 kobolds
  4 quokkas
  3 frilled lizards
  5 rats
95 creatures vanquished.

Vanquished Creatures (others)
  248 foxfires
248 creatures vanquished.

Grand Total: 343 creatures vanquished

Notes
Turn   | Place    | Note
-------+----------+-------------------------------------------
     0 | D:1      | 2tc the Deep Elf Fire Elementalist began the quest for the
                  | Orb.
     0 | D:1      | Reached XP level 1. HP: 10/10 MP: 6/6
    42 | D:1      | Reached skill level 4 in Fire Magic
    42 | D:1      | Reached XP level 2. HP: 15/15 MP: 4/8
   284 | D:1      | Reached XP level 3. HP: 19/19 MP: 3/9
   822 | D:2      | Learned a level 2 spell: Scorch
   888 | D:2      | Reached skill level 5 in Fire Magic
  1029 | D:2      | Reached XP level 4. HP: 15/24 MP: 1/10
  1352 | D:2      | Learned a level 4 spell: Flame Wave
  1888 | D:3      | Identified the +2 leather armour of Serendipity {rPois
                  | Slay+2}
  1900 | D:3      | Found a glowing silver altar of Zin.
  2264 | D:3      | Identified the +2 leather armour "Roazai" {rC+ Str+2 SInv}
  2419 | D:4      | Reached skill level 6 in Fire Magic
  2420 | D:4      | Noticed Duvessa
  2615 | D:4      | Found an opulent altar of Gozag.
  2626 | D:4      | Identified the +6 falchion of Zubaufo {speed, Fragile Fly
                  | Str+10 Int-4}
  2727 | D:4      | Noticed a black bear
  2730 | D:4      | Killed a black bear
  2731 | D:4      | Reached skill level 7 in Fire Magic
  2731 | D:4      | Reached XP level 5. HP: 28/28 MP: 4/11
  2842 | D:4      | Found a stormy altar of Qazlal.
  3057 | D:4      | Noticed Dowan
  3060 | D:4      | Killed Duvessa
  3060 | D:4      | Noticed a black bear
  3061 | D:4      | Reached XP level 6. HP: 32/32 MP: 0/12
  3163 | D:4      | Killed Dowan
  3164 | D:4      | Reached skill level 8 in Fire Magic
  3520 | D:4      | Reached XP level 7. HP: 28/36 MP: 2/13
  4113 | D:4      | Noticed Pikel
  4123 | D:4      | Reached skill level 5 in Conjurations
  4134 | D:4      | Killed Pikel
  4135 | D:4      | Reached XP level 8. HP: 26/41 MP: 10/14
  4423 | D:5      | Entered Level 5 of the Dungeon
  4427 | D:5      | Found a basalt altar of Yredelemnul.
  4438 | D:5      | Reached skill level 1 in Armour
  4522 | D:5      | Noticed Grinder
  4527 | D:5      | Killed Grinder
  4592 | D:5      | Noticed a +0 spear
  4592 | D:5      | Noticed a +0 short sword
  4592 | D:5      | Noticed a +0 spear
  4592 | D:5      | Noticed a +0 short sword
  4593 | D:5      | Noticed a +0 dagger
  4593 | D:5      | Noticed a +0 dagger
  4593 | D:5      | Noticed a +0 falchion
  4594 | D:5      | Noticed a +0 falchion
  4764 | D:5      | Found a hide-covered altar of Uskayaw.
  4977 | D:5      | Noticed Edmund
  4985 | D:5      | Killed Edmund
  4986 | D:5      | Reached skill level 9 in Fire Magic
  5166 | D:5      | Noticed a gargoyle
  5171 | D:5      | Killed from afar by a gargoyle

Illustrated notes

Levels and vault maps discovered:
D:1:      minmay_arrival_open_corners, layout_basic
D:2:      layout_loops_ring, minmay_indecisive_spiral
D:3:      layout_basic, mainiacjoe_overflow_brackets,
          wander_ebering_terrifying_dragon_lair
D:4:      kennysheep_six_static_rooms, layout_basic, grunt_qazlal_clouds,
          lemuel_doored_altar, nicolae_eternal_life, minmay_pentomino_pile,
          uniq_duvessa, uniq_pikel
D:5:      layout_gridville, nicolae_uskayaw_en_pointe,
          yredelemnul_altar_generic, minmay_between, uniq_edmund, uniq_grinder

Skill      XL: |  1  2  3  4  5  6  7  8 |
---------------+-------------------------+-----
Fire Magic     | 4 5 7 8 9 |  9.1
Conjurations   | 3 7 |  7.5
Armour         | 3 |  3.0
Dodging        | |  2.4
Stealth        | |  2.4
Spellcasting   | |  3.0

Action                   |  1- 3 |  4- 6 |  7- 9 || total
-------------------------+-------+-------+-------++-------
Melee: Dagger            |     1 |       |       ||     1
       Staff             |     9 |    43 |       ||    52
       Punch             |       |     1 |       ||     1
 Cast: Foxfire           |    41 |    64 |    46 ||   151
       Scorch            |     1 |    18 |    15 ||    34
       Flame Wave        |       |       |     2 ||     2
  Use: Scroll            |     3 |     5 |     4 ||    12
       Potion            |       |       |     2 ||     2
 Stab: Sleeping          |       |     3 |       ||     3
Armor: Robe              |     2 |     3 |       ||     5
       Leather armour    |       |    13 |       ||    13
Dodge: Dodged            |     6 |    34 |     4 ||    44

Table legend: (Time is in decaauts)
 A = Elapsed time spent in this place.
 B = Non-inter-level travel time spent in this place.
 C = Inter-level travel time spent in this place.
 D = Time resting spent in this place.
 E = Time spent auto-exploring this place.
 F = Levels seen in this place.
 G = Mean time per level.
                   A        B        C        D        E       F      G
               +--------+--------+--------+--------+--------+-----+--------+
         Total |   5163 |   5038 |    125 |    304 |   4071 |   5 | 1032.6 |
       Dungeon |   5163 |   5038 |    125 |    304 |   4071 |   5 | 1032.6 |
               +--------+--------+--------+--------+--------+-----+--------+

Top non-repeatable levels by time:
     D:4: 1842 daAuts
     D:2: 954 daAuts
     D:1: 817 daAuts
     D:3: 802 daAuts
     D:5: 747 daAuts
